 Dungeon Crawl Stone Soup version 0.16-a0-3518-gebcadde (webtiles) character file.

1484 Gronka the Blocker (level 8, -22/70 HPs)
             Began as a Minotaur Fighter on Jan 6, 2015.
             Was an Initiate of Okawaru.
             Splashed by an oklob plant's acid (26 damage)
             ... created by the enmity of Fedhas Madash
             ... on level 7 of the Dungeon.
             The game lasted 00:28:54 (5559 turns).

Gronka the Blocker (Minotaur Fighter)               Turns: 5559, Time: 00:28:54

Health: -22/70     AC:  3    Str: 22    XL:     8   Next: 50%
Magic:  3/3        EV:  6    Int:  5    God:    Okawaru [......]
Gold:   295        SH: 11    Dex: 11    Spells: 0 memorised, 7 levels left

rFire  . . .     SeeInvis .     x - +0 war axe (holy)
rCold  + . .     Clarity  .     b - +0 plate armour
rNeg   . . .     SustAb   +     c - +0 shield
rPois  .         Gourm    .     (helmet restricted)
rElec  .         Spirit   .     (no cloak)
rCorr  .         Warding  .     (no gloves)
rMut   .         Stasis   .     (no boots)
MR     .....                    (no amulet)
Stlth  ..........               m - ring of protection from cold
                                v - ring of sustain abilities

@: corroded equipment, not resistant to hostile enchantments, extremely
unstealthy
A: retaliatory headbutt, horns 2
a: Renounce Religion


You were on level 7 of the Dungeon.
You worshipped Okawaru.
Okawaru was noncommittal.
You were not hungry.

You visited 2 branches of the dungeon, and saw 8 of its levels.

You collected 295 gold pieces.

Inventory:

Hand weapons
 d - a +0 blowgun
 e - a +0 flail
 x - a +0 war axe of holy wrath (weapon)
Missiles
 r - 35 poisoned needles
Armour
 b - a +0 plate armour (worn)
 c - a +0 shield (worn)
 j - a +0 chain mail
Jewellery
 m - a ring of protection from cold (right hand)
 v - a ring of sustain abilities (left hand)
Scrolls
 g - a scroll of identify
 h - a scroll of remove curse
 p - 5 scrolls of teleportation
 s - a scroll of enchant weapon {unknown}
 w - 3 scrolls of fog
 y - a scroll of blinking {unknown}
 A - 2 scrolls of random uselessness {unknown}
 C - 4 scrolls of amnesia {unknown}
 D - a scroll of fear {unknown}
Potions
 a - a potion of flight {unknown}
 f - 5 potions of curing
 i - 2 potions of agility
 k - a potion of heal wounds {unknown}
 l - a potion of invisibility {unknown}
 n - a potion of resistance {unknown}
 z - a potion of ambrosia {unknown}
 B - 2 potions of cancellation {unknown}
Comestibles
 t - a royal jelly
 u - a bread ration


   Skills:
 + Level 6.1 Fighting
 + Level 6.2 Axes
 + Level 0.6 Throwing
 + Level 7.1 Armour
 + Level 2.6 Dodging
 + Level 0.5 Stealth
 + Level 8.0 Shields


You had 7 spell levels left.
You didn't know any spells.

Dungeon Overview and Level Annotations

Branches:
Dungeon (7/15)             Temple (1/1) D:6

Altars:
Ashenzari
Cheibriados
Fedhas
Gozag
Kikubaaqudgha
Makhleb
Nemelex Xobeh
Okawaru
Qazlal
Sif Muna
Xom
The Shining One
Jiyva

Shops:
D:4 ?

Annotations:
D:7 exclusion: 4 oklob plants


Innate Abilities, Weirdness & Mutations

You reflexively headbutt those who attack you in melee.
You have a pair of horns on your head.


Message History

The oklob plant spits acid at you. The splash of acid hits you!
The acid burns!
You hit the oklob plant but do no damage.
The oklob plant is lightly damaged.
You hit the oklob plant but do no damage.
The oklob plant is lightly damaged.
You hit the oklob plant.
The oklob plant is moderately damaged.
You hit the oklob plant but do no damage.
The oklob plant is lightly damaged.
You hit the wandering mushroom.
The wandering mushroom is moderately damaged.
The wandering mushroom releases spores at you!
* * * LOW HITPOINT WARNING * * *
You are engulfed in a cloud of spores!
The oklob plant spits acid at you. The splash of acid hits you!
* * * LOW HITPOINT WARNING * * *
The acid corrodes your equipment!
The acid burns!
You die...

. #.. #.. #[. #.
#.. #... ##..
##.... .###...
#...#
.......P##...#
#f@P.# ##PP## ##.#
#.## #### ####..#
#..# #.....####
#..# #.......>#
##..# .
##.._..##..###.###
...###......#
###..##


You could see 4 oklob plants and a wandering mushroom.

Vanquished Creatures
  Eustachio (D:4)
  An orc warrior (D:6)
  An ice beast (D:6)
  A black bear (D:4)
  2 centaurs (D:6)
  A phantom (D:4)
  Sigmund (D:7)
  A giant frog (D:7)
  2 crimson imps
  A goliath beetle (D:7)
  A hound (D:5)
  An orc priest (D:6)
  The ghost of Vidiiot the Sneak, a weakling FeWz of Ru (D:3)
  3 iguanas
  3 orc wizards
  2 giant frog skeletons
  2 worker ants (D:4)
  Jessica (D:2)
  A hound skeleton (D:4)
  A hound zombie (D:5)
  7 adders
  A giant mite (D:4)
  A shadow imp (D:5)
  4 worms
  6 giant geckos
  2 oozes (D:6)
  9 orcs
  3 bat skeletons
  5 giant cockroaches
  7 goblins
  8 hobgoblins
  10 kobolds
  12 bats
  A giant gecko skeleton (D:4)
  3 giant newts
  3 jackals (D:1)
  2 jackal skeletons (D:4)
  5 rats
117 creatures vanquished.

Vanquished Creatures (others)
  A giant spore (D:6)
1 creature vanquished.

Grand Total: 118 creatures vanquished

Notes
Turn   | Place    | Note
--------------------------------------------------------------
     0 | D:1      | Gronka, the Minotaur Fighter, began the quest for the Orb.
     0 | D:1      | Reached XP level 1. HP: 19/19 MP: 1/1
   137 | D:1      | Reached XP level 2. HP: 27/27 MP: 1/1
   571 | D:2      | Reached skill level 4 in Armour
   647 | D:2      | Reached XP level 3. HP: 23/33 MP: 2/2
   682 | D:2      | Noticed Jessica
   694 | D:2      | Killed Jessica
  1097 | D:3      | Reached XP level 4. HP: 33/40 MP: 2/2
  1214 | D:3      | Noticed Vidiiot's ghost (weakling FeWz)
  1226 | D:3      | Killed Vidiiot's ghost
  1496 | D:3      | Found a deep blue altar of Sif Muna.
  2156 | D:3      | Reached skill level 5 in Armour
  2156 | D:3      | Reached XP level 5. HP: 18/46 MP: 2/2
  2164 | D:3      | Noticed a water elemental
  2166 | D:3      | Found a stormy altar of Qazlal.
  2173 | D:3      | Noticed a fire elemental
  2176 | D:3      | Noticed an air elemental
  2176 | D:3      | Noticed an earth elemental
  2688 | D:4      | Noticed a phantom
  2719 | D:4      | Killed a phantom
  2719 | D:4      | Reached skill level 5 in Shields
  2719 | D:4      | Reached XP level 6. HP: 37/53 MP: 3/3
  2814 | D:4      | Found a shimmering altar of Xom.
  3012 | D:4      | Reached skill level 1 in Dodging
  3022 | D:4      | Noticed Eustachio
  3037 | D:4      | Killed Eustachio
  3037 | D:4      | Reached skill level 5 in Fighting
  3037 | D:4      | Reached XP level 7. HP: 55/61 MP: 3/3
  3051 | D:4      | Found an opulent altar of Gozag.
  3186 | D:4      | Reached skill level 6 in Shields
  3240 | D:4      | Found Ashiul's Magic Scroll Shop.
  3273 | D:4      | Noticed a black bear
  3283 | D:4      | Killed a black bear
  3283 | D:4      | Reached skill level 5 in Axes
  3373 | D:5      | Entered Level 5 of the Dungeon
  3430 | D:5      | Found a blossoming altar of Fedhas.
  3462 | D:5      | Became a worshipper of Fedhas Madash
  3994 | D:6      | Reached skill level 7 in Shields
  4011 | D:6      | Reached XP level 8. HP: 26/69 MP: 3/3
  4698 | D:6      | Found a staircase to the Ecumenical Temple.
  4709 | Temple   | Entered the Ecumenical Temple
  4830 | Temple   | Fell from the grace of Fedhas
  4830 | Temple   | Became a worshipper of Warmaster Okawaru
  5228 | D:7      | Noticed Sigmund
  5235 | D:7      | Found a snail-covered altar of Cheibriados.
  5242 | D:7      | Killed Sigmund
  5380 | D:7      | Found a burning altar of Makhleb.
  5415 | D:7      | Found an ancient bone altar of Kikubaaqudgha.
  5440 | D:7      | Reached skill level 8 in Shields
  5556 | D:7      | Noticed a wandering mushroom
  5556 | D:7      | Noticed an oklob plant
  5556 | D:7      | Noticed an oklob plant
  5556 | D:7      | Noticed an oklob plant
  5556 | D:7      | Noticed an oklob plant
  5559 | D:7      | Splashed by an oklob plant's acid

Action                   |  1- 3 |  4- 6 |  7- 9 || total
-------------------------+-------+-------+-------++-------
Melee: War axe           |    49 |   166 |   140 ||   355
 Fire: Blowgun           |       |     7 |       ||     7
  Use: Potion            |       |     1 |     2 ||     3
       Scroll            |       |       |     6 ||     6
  Eat: Bread ration      |     1 |       |       ||     1
       Fruit             |       |     3 |     4 ||     7
       Meat ration       |       |       |     1 ||     1
       Royal jelly       |       |       |     1 ||     1
